 Dungeon Crawl Stone Soup version 0.28-a0-119-ga52ba8600a (webtiles) character file.

Game seed: 2522385129687720791

9 Ezendos the Shield-Bearer (level 2, 20/21 HPs)
             Began as an Octopode Fighter on Aug 13, 2021.
             Was a Follower of Kikubaaqudgha.
             Quit the game on level 1 of the Dungeon.
             The game lasted 00:00:30 (82 turns).

Ezendos the Shield-Bearer (Octopode Fighter)          Turns: 82, Time: 00:00:31

Health: 20/21      AC:  1    Str: 15    XL:     2   Next: 16%
Magic:  2/2        EV: 11    Int: 10    God:    Kikubaaqudgha [*.....]
Gold:   0          SH:  8    Dex: 11    Spells: 1/1 levels left

rFire   . . .      SeeInvis .   e - +0 mace (protect)
rCold   . . .      Faith    .   b - +0 kite shield
rNeg    . . .      Spirit   .   (helmet restricted)
rPois   .          Reflect  .   (no amulet)
rElec   .          Harm     .   (no ring)
rCorr   .          Rampage  .   (no ring)
Will    .....                   (no ring)
Stlth   +++.......              (no ring)
HPRegen 0.07/turn               (no ring)
MPRegen 0.08/turn               (no ring)
                                (no ring)
                                (no ring)

@: no status effects
A: almost no armour, amphibious, 8 rings, camouflage 1, gelatinous body 1,
(nimble swimmer 1), tentacles
a: Renounce Religion, Receive Corpses


You were on level 1 of the Dungeon.
You worshipped Kikubaaqudgha.
Kikubaaqudgha was aware of your devotion.
You visited 1 branch of the dungeon, and saw 1 of its levels.

Inventory:

Hand Weapons
 a - a +0 long sword
 e - a +0 mace of protection (weapon)
Armour
 b - a +0 kite shield (worn)
Scrolls
 d - a scroll of identify {unknown}
Potions
 c - a potion of might
 f - a potion of brilliance {unknown}


   Skills:
 - Level 3.0 Fighting
 - Level 2.0 Long Blades
 - Level 3.0 Dodging
 + Level 2.7 Stealth
 - Level 3.0 Shields


You had one spell level left.
You didn't know any spells.
Your spell library contained the following spells:

 Spells                   Type           Power      Damage    Failure   Level
 Pain                     Necr           0%         1d4       87%         1
 Corpse Rot               Necr/Air       N/A        N/A       95%         2
 Sublimation of Blood     Necr           0%         N/A       95%         2
 Vampiric Draining        Necr           0%         2d6       99%         3


Dungeon Overview and Level Annotations

Branches:
Dungeon (1/15)

Altars:
Kikubaaqudgha


Innate Abilities, Weirdness & Mutations

You cannot wear most types of armour.
You are amphibious.
You can wear up to eight rings at the same time.
Your skin changes colour to match your surroundings (Stealth+).
Your rubbery body absorbs attacks. (AC +1, EV +1)
((You are camouflaged near water. (Stealth+)))
You have tentacles for arms and can constrict up to eight enemies at once.


Message History

You see here 12 gold pieces.
A bat comes into view.
A goblin comes into view. It is wielding a +0 dagger.
The helpless endoplasm fails to defend itself.
You hit the endoplasm.
Your weapon exudes an aura of protection.
The endoplasm is moderately wounded.
The goblin shouts!
You block the endoplasm's attack. The goblin hits you but does no damage.
The endoplasm freezes you.
You are frozen.
You barely miss the endoplasm. You squeeze the endoplasm.
You kill the endoplasm!
The bat barely misses you. The goblin hits you but does no damage.
You block the goblin's attack.
Your Stealth skill increases to level 2!
You sock the quokka!
You kill the quokka!
The bat misses you. The goblin closely misses you.
You have reached level 2!
You barely miss the goblin. You grab the goblin. You constrict the goblin.
You kill the goblin!
You block the bat's attack. The bat hits you but does no damage.
Things that are here:
a +0 dagger; a goblin corpse You hit the bat.
You kill the bat!
No target in view!
No target in view!
There is a faded altar of an unknown god here.
You cannot tell which god this altar belongs to.
Convert to them anyway?
Okay, then.
You cannot tell which god this altar belongs to.
Convert to them anyway?
Kikubaaqudgha accepts your prayer! Kikubaaqudgha welcomes you!
You can now receive cadavers from Kikubaaqudgha.
Kikubaaqudgha grants you a gift!
You add the spells Pain, Sublimation of Blood, Corpse Rot and Vampiric Draining to your library.
There are no items here.
Are you sure you want to abandon this character and quit the game? (Confirm with "yes".)

#........#+###
#####........#
+.....(..# #........#
#........#
#........#######
#..............#
#........#####.######.
#.......@# #.........
#####..###
#..########## #..#
##'##......... #..#
###..........⌠..
#..###...⌠...........
##.##........⌠.......
#.#.................
#.#...⌠..........<..
.#.................


There were no monsters in sight!

Vanquished Creatures
  A dart slug (D:1)
  A bat (D:1)
  2 endoplasms (D:1)
  A goblin (D:1)
  A quokka (D:1)
6 creatures vanquished.

Notes
Turn   | Place    | Note
-------+----------+-------------------------------------------
     0 | D:1      | Ezendos the Octopode Fighter began the quest for the Orb.
     0 | D:1      | Reached XP level 1. HP: 16/16 MP: 1/1
    35 | D:1      | Reached skill level 1 in Stealth
    47 | D:1      | Found a faded altar of an unknown god.
    58 | D:1      | Reached XP level 2. HP: 18/21 MP: 2/2
    69 | D:1      | Became a worshipper of Kikubaaqudgha
    69 | D:1      | Reached * piety under Kikubaaqudgha
    69 | D:1      | Received a gift from Kikubaaqudgha
    82 | D:1      | Quit the game

Illustrated notes

Levels and vault maps discovered:
D:1:      dpeg_arrival_water_temple_mockup, layout_basic,
          hellmonk_ecumenical_altar_arch_garden

Skill      XL: |  1 |
---------------+----+-----
Stealth        | 2 |  2.7
Fighting       | |  3.0
Long Blades    | |  2.0
Dodging        | |  3.0
Shields        | |  3.0

Action                   || total
-------------------------++-------
Melee: Mace              ||     7
       Tentacles         ||     3
       Constrict         ||     2
 Stab: Sleeping          ||     2
Armor: Skin              ||     3
Dodge: Dodged            ||     3
Block: Kite shield       ||     3

Table legend: (Time is in decaauts)
 A = Elapsed time spent in this place.
 B = Non-inter-level travel time spent in this place.
 C = Inter-level travel time spent in this place.
 D = Time resting spent in this place.
 E = Time spent auto-exploring this place.
 F = Levels seen in this place.
 G = Mean time per level.
                   A        B        C        D        E       F      G
               +--------+--------+--------+--------+--------+-----+--------+
         Total |     86 |     86 |      0 |      0 |     26 |   1 |   86.0 |
       Dungeon |     86 |     86 |      0 |      0 |     26 |   1 |   86.0 |
               +--------+--------+--------+--------+--------+-----+--------+

Top non-repeatable levels by time:
     D:1: 86 daAuts
